 Dungeon Crawl Stone Soup version 0.30.0-15-g856e2d3f33 (webtiles) character file.

Game seed: 3111068720897441815

4176 dolemite99 the Frost Mage (level 10, 0/92 HPs)
             Began as a White Draconian Transmuter on May 19, 2023.
             Was a Priest of Ashenzari.
             Slain by a hell rat (3 damage)
             ... on level 9 of the Dungeon.
             The game lasted 00:16:04 (14611 turns).

dolemite99 the Frost Mage (DrTm)                   Turns: 14611, Time: 00:16:04

Health: 0/92       AC:  0    Str: 15    XL:     10   Next: 8%
Magic:  0/13       EV: 10    Int: 15    God:    Ashenzari [***...]
Gold:   409        SH:  0    Dex: 12    Spells: 6/13 levels left

rFire   x . .        o - melded +2 dagger of Ashenzari's Soothsayer {venom, Bglg, Range} (curse)
rCold   + + +        I - melded +0 kite shield of the Bound Augur {Evo, Range} (curse)
rNeg    . . .        (body armour unavailable)
rPois   +            (helmet currently unavailable)
rElec   .            y - melded +1 cloak "Cryptic Adversity" {Comp, Melee} (curse)
rCorr   .            E - melded +1 pair of gloves "Perceptive Asceticism" {Melee, Comp} (curse)
SInv    +            (boots currently unavailable)
Will    .....        w - amulet of Toth-Mos's Legacy {Spirit, Range, Comp} (curse)
Stlth   +            (no ring)
HPRegen 0.35/turn    (no ring)
MPRegen 0.13/turn

%: clarity, guardian spirit
@: ice-form, corroded, very slightly contaminated
A: freezing attack, amphibious, boosted hp, (breathe frost), AC +7, large,
unfitting armour, (cold resistance 1), (cold-blooded)
a: End Transformation, Renounce Religion, Shatter the Chains


You were on level 9 of the Dungeon.
You worshipped Ashenzari.
Ashenzari was most pleased with you.
You were a creature of crystalline ice.
You visited 1 branch of the dungeon, and saw 9 of its levels.

You collected 409 gold pieces.

Inventory:

Hand Weapons
 e - a +0 dagger of speed
 i - a +1 dagger of freezing
 o - the cursed +2 dagger of Ashenzari's Soothsayer (melded) {venom, Bglg, Range}
   (You found it on level 3 of the Dungeon)

   It has a curse which improves the following skills: Beguiling: Conjurations,
   Hexes and Translocations.
   Ranged Combat: Ranged Weapons and Throwing.
 q - a +1 whip of electrocution
Missiles
 a - 3 throwing nets
 t - 9 poisoned darts (quivered)
 B - a boomerang
Armour
 g - the orb of the Comet {light, Fly rElec rC- Stlth+}
   (You found it on level 6 of the Dungeon)

   rC:        It makes you vulnerable to cold.
   rElec:     It insulates you from electricity.
   Fly:       It grants you flight.
   Stlth:     It makes you more stealthy.
 y - the cursed +1 cloak "Cryptic Adversity" (melded) {Comp, Melee}
   (You found it on level 4 of the Dungeon)

   It has a curse which improves the following skills: Companions: Summonings
   and Necromancy.
   Melee Combat: Short Blades, Long Blades, Axes, Maces & Flails, Polearms,
   Staves and Unarmed Combat.
 E - the cursed +1 pair of gloves "Perceptive Asceticism" (melded) {Melee, Comp}
   (You found it on level 7 of the Dungeon)

   It has a curse which improves the following skills: Melee Combat: Short
   Blades, Long Blades, Axes, Maces & Flails, Polearms, Staves and Unarmed
   Combat.
   Companions: Summonings and Necromancy.
 I - the cursed +0 kite shield of the Bound Augur (melded) {Evo, Range}
   (You took it off a gnoll sergeant on level 8 of the Dungeon)

   It has a curse which improves the following skills: Evocations: Evocations.
   Ranged Combat: Ranged Weapons and Throwing.
Magical Staves
 k - a staff of fire
 x - a staff of fire
 K - a staff of air
Jewellery
 w - the cursed amulet of Toth-Mos's Legacy (around neck) {Spirit, Range, Comp}
   (You took it off an orc on level 4 of the Dungeon)

   [amulet of guardian spirit]

   It causes incoming damage to be divided between your reserves of health and
   magic.
   It has a curse which improves the following skills: Ranged Combat: Ranged
   Weapons and Throwing.
   Companions: Summonings and Necromancy.
 C - an amulet of regeneration
 F - the ring "Baunguet" {rF+ rC+ rN+ Will- Int+3}
   (You found it on level 7 of the Dungeon)

   [ring of protection from cold]

   Int:       It affects your intelligence (+3).
   rF:        It protects you from fire.
   rC:        It protects you from cold.
   rN:        It protects you from negative energy.
   Will:      It decreases your willpower.
Wands
 f - a wand of charming (10)
 s - a wand of mindburst (18)
 A - a wand of light (6)
 G - a wand of flame (23)
 H - a wand of roots (1)
Scrolls
 b - 4 scrolls of identify {@r1}
 h - 3 scrolls of torment
 j - 4 scrolls of teleportation
 m - a scroll of blinking
 v - 2 scrolls of immolation
 L - a scroll of enchant armour
Potions
 c - 4 potions of curing
 d - 2 potions of might
 l - 2 potions of flight
 n - 2 potions of invisibility
 p - a potion of brilliance
 r - 4 potions of haste
 u - a potion of attraction
 z - a potion of lignification
 D - a potion of ambrosia


   Skills:
 - Level 3.6 Fighting
 - Level 1.7 Dodging
 + Level 6.3 Shields
 - Level 6.8 Unarmed Combat
 - Level 2.0 Spellcasting
 - Level 7.1 Transmutations
 - Level 9.1 Ice Magic
 - Level 4.0 Poison Magic


You had 6 spell levels left.
You knew the following spells:

 Your Spells              Type           Power      Damage    Failure   Level
b - Spider Form           Tmut/Pois      18%        N/A       7%          3
c - Ice Form              Ice/Tmut       25%        N/A       8%          4

Your spell library contained the following spells:

 Spells                   Type           Power      Damage    Failure   Level
 Beastly Appendage        Tmut           46%        N/A       1%          1
 Wereblood                Tmut           23%        N/A       1%          2
 Blink                    Tloc           2%         N/A       32%         2
 Lesser Beckoning         Tloc           2%         N/A       32%         2
 Momentum Strike          Conj/Tloc      2%         3d8       32%         2


Dungeon Overview and Level Annotations

Branches:
Dungeon (9/15)             Temple (0/1) D:6             Orc (0/2) D:9
   Lair: D:8-11

Altars:
Ashenzari
Cheibriados
Uskayaw

Shops:
D:6 (

Annotations:
D:2 Sigmund
D:3 2 runed translucent doors, Liamsmithers's ghost, amateur DgFi
D:4 exclusion: downstairs


Innate Abilities, Weirdness & Mutations

You are a creature of crystalline ice.
You have a powerful freezing melee attack.
You are amphibious.
Your maximum health is increased.
Your armour is entirely melded.
You are incapable of wielding weapons or throwing items.
((You can breathe waves of freezing cold which knock back foes.))
((Your icy white scales are hard. (AC +7)))
You cannot fit into any form of body armour.
((Your flesh is cold resistant. (rC+)))
((You are cold-blooded and may be slowed by cold attacks.))


Message History

The cursed +0 kite shield of the Bound Augur {Evo, Range} melds into your body.
The cursed +2 dagger of Ashenzari's Soothsayer {venom, Bglg, Range} stops dripping with poison.
A hell rat comes into view.
The acid dragon bites you. The acid dragon claws you.
The acid dragon spits acid at you. The splash of acid hits you!!
The acid corrodes you!
You hear a deafening roar!
You hear a bellow!
You punch the acid dragon! You freeze the acid dragon.
The acid dragon is heavily wounded.
The acid dragon bites you! The acid dragon barely misses you.
You hit the acid dragon but do no damage.
The acid dragon is heavily wounded.
The acid dragon bites you but does no damage.
The acid dragon closely misses you.
You barely miss the acid dragon.
The acid dragon is heavily wounded.
The acid dragon misses you. The acid dragon claws you.
You punch the acid dragon! You freeze the acid dragon.
The acid dragon is almost dead.
A hell rat comes into view.
The acid dragon spits acid at you. The splash of acid hits you!!
* * * LOW HITPOINT WARNING * * *
The acid corrodes you!
You hear a bellow!
You hit the acid dragon. You freeze the acid dragon.
You kill the acid dragon!
The +0 acid dragon scales are intact enough to wear.
You hit the hell rat but do no damage. The hell rat bites you.
* * * LOW HITPOINT WARNING * * *
You feel better.
The hell rat twitches its whiskers.
The hell rat bites you!
* * * LOW HITPOINT WARNING * * *
You feel better. The hell rat bites you!
* * * LOW HITPOINT WARNING * * *
You feel better. The hell rat bites you!
* * * LOW HITPOINT WARNING * * *
The hell rat bites you.
You die...

, , **##+##**
.$., ,
##8.8## ,
...,
##8...8## *
,..., ,*
#8.....8##
*#.#* *
#.........
#r#
#...>...##
#r# #.......#
#r# ###.#.###
#Y# #...# #.#
#.### #.# #.#
#.# #.# #.#
#.#
#.#########.#
#...........#
#############


You could see 3 hell rats.

Vanquished Creatures
  A two-headed ogre (D:8)
  The ghost of ragingrage the Digger, an amateur AtEE (D:5)
  A yak (D:9)
  A water moccasin (D:7)
  An acid dragon (D:9)
  Duvessa (D:7)
  An orc warrior (D:7)
  An ice beast (D:5)
  2 sky beasts
  4 ogres
  4 centaurs
  A phantom (D:5)
  2 kobold brigands
  6 bullfrogs
  2 gnoll sergeants
  A scorpion (D:4)
  Dowan (D:7)
  A howler monkey (D:9)
  A gnoll bouda (D:7)
  2 hounds
  A jelly (D:6)
  3 orc priests
  4 iguanas
  A sleepcap (D:5)
  15 orc wizards
  A mummy (D:5)
  6 adders
  12 gnolls
  2 white imps (D:6)
  3 worms
  5 dart slugs
  39 orcs
  10 ball pythons
  5 endoplasms (D:3)
  6 giant cockroaches
  8 goblins
  6 hobgoblins
  6 jackals
  3 quokkas
  6 bats
  2 frilled lizards
  A hobgoblin zombie (D:5)
  14 kobolds
  2 kobold zombies (D:5)
  An orc zombie (D:5)
  7 rats
204 creatures vanquished.

Vanquished Creatures (others)
  A sleepcap (D:7)
1 creature vanquished.

Grand Total: 205 creatures vanquished

Notes
Turn   | Place    | Note
-------+----------+-------------------------------------------
     0 | D:1      | dolemite99 the Draconian Transmuter began the quest for the
                  | Orb.
     0 | D:1      | Reached XP level 1. HP: 16/16 MP: 3/3
   164 | D:1      | Reached XP level 2. HP: 23/23 MP: 3/5
   894 | D:2      | Reached XP level 3. HP: 23/28 MP: 4/6
   920 | D:2      | Learned a level 3 spell: Spider Form
  1449 | D:2      | Noticed Sigmund
  2190 | D:3      | Reached XP level 4. HP: 31/35 MP: 5/7
  2225 | D:3      | Reached skill level 1 in Poison Magic
  2818 | D:3      | Found a broken altar of Ashenzari.
  3010 | D:3      | Became a worshipper of Ashenzari the Shackled
  3025 | D:3      | Found a runed translucent door.
  3031 | D:3      | Noticed Liamsmithers's ghost (amateur DgFi)
  3500 | D:3      | Found a runed translucent door.
  3512 | D:4      | Noticed a scorpion
  3520 | D:4      | Killed a scorpion
  3521 | D:4      | Reached XP level 5. HP: 25/40 MP: 3/8
  3883 | D:4      | Found a snail-covered altar of Cheibriados.
  3948 | D:4      | Found a hide-covered altar of Uskayaw.
  4479 | D:4      | Reached XP level 6. HP: 37/47 MP: 3/9
  5297 | D:4      | Identified the cursed +2 dagger of Ashenzari's Soothsayer
                  | {venom, Bglg, Range} (You found it on level 3 of the
                  | Dungeon)
  5713 | D:4      | Reached skill level 5 in Unarmed Combat
  6574 | D:5      | Entered Level 5 of the Dungeon
  6929 | D:5      | Your scales start taking on an icy white colour.
  6929 | D:5      | Reached XP level 7. HP: 52/52 MP: 6/10
  6929 | D:5      | Gained mutation: Your flesh is cold resistant. (rC+) [White
                  | Draconian growth]
  6983 | D:5      | Learned a level 4 spell: Ice Form
  7055 | D:5      | Reached skill level 1 in Ice Magic
  7698 | D:5      | Reached skill level 2 in Ice Magic
  7896 | D:5      | Reached skill level 3 in Ice Magic
  8371 | D:5      | Reached skill level 4 in Ice Magic
  8817 | D:5      | Reached skill level 5 in Ice Magic
  8817 | D:5      | Reached XP level 8. HP: 59/59 MP: 11/11
  8844 | D:5      | Reached * piety under Ashenzari
  9006 | D:5      | Found a runed translucent door.
  9006 | D:5      | Noticed ragingrage's ghost (amateur AtEE)
  9016 | D:5      | Killed ragingrage's ghost
  9017 | D:5      | Reached skill level 6 in Ice Magic
  9046 | D:5      | Identified the cursed +1 cloak "Cryptic Adversity" {Comp,
                  | Melee} (You found it on level 4 of the Dungeon)
  9061 | D:6      | Found Meloogh's Antique Weapon Boutique.
  9091 | D:6      | Reached skill level 7 in Ice Magic
  9378 | D:6      | Reached skill level 8 in Ice Magic
  9449 | D:6      | Identified the orb of the Comet {light, Fly rElec rC-
                  | Stlth+}
  9479 | D:6      | Reached skill level 9 in Ice Magic
  9617 | D:6      | Reached ** piety under Ashenzari
 10073 | D:6      | Reached skill level 5 in Transmutations
 10199 | D:6      | Found a staircase to the Ecumenical Temple.
 10738 | D:7      | Reached XP level 9. HP: 64/64 MP: 7/12
 11753 | D:7      | Reached *** piety under Ashenzari
 11845 | D:7      | Identified the cursed +1 pair of gloves "Perceptive
                  | Asceticism" {Melee, Comp} (You found it on level 7 of the
                  | Dungeon)
 11889 | D:7      | Identified the ring "Baunguet" {rF+ rC+ rN+ Will- Int+3}
 11983 | D:7      | Noticed Duvessa
 11983 | D:7      | Noticed Dowan
 12019 | D:7      | Killed Duvessa
 12021 | D:7      | Killed Dowan
 13268 | D:8      | Reached skill level 1 in Shields
 13301 | D:8      | Noticed a two-headed ogre
 13563 | D:8      | Identified the cursed +0 kite shield of the Bound Augur
                  | {Evo, Range} (You took it off a gnoll sergeant on level 8
                  | of the Dungeon)
 13760 | D:8      | Killed a two-headed ogre
 13761 | D:8      | Reached skill level 5 in Shields
 13827 | D:8      | Noticed a two-headed ogre
 13955 | D:9      | Reached XP level 10. HP: 22/77 MP: 3/13
 14565 | D:9      | Found a staircase to the Orcish Mines.
 14611 | D:9      | HP: 3/92 [hell rat (12)]
 14611 | D:9      | Slain by a hell rat

Illustrated notes

Levels and vault maps discovered:
D:1:      nicolae_arrival_memento_mori, layout_loops_ring
D:2:      layout_loops_ring, minmay_increasing_density, uniq_sigmund
D:3:      minmay_octagon_keep, layout_basic, mainiacjoe_overflow_24_doors,
          ebering_ghost_sewer_f
D:4:      layout_loops_corners, mainiacjoe_overflow_big_doors, serial_bayou,
          serial_bayou_pond_a, serial_bayou_ford_a, serial_bayou_lagoon_a,
          serial_bayou_pond_c, nrook_mini_vaults, hex_medium,
          minmay_a_box_with_orc_wizards_in_it
D:5:      layout_cave_pools, nicolae_ossuary_entry_false_entrances,
          gammafunk_ghost_grave, minmay_mini_ossuary
D:6:      layout_basic, minmay_temple_entry_purple_smoke, serial_shops,
          nicolae_shop_crystal
D:7:      layout_rooms, kennysheep_big_empty_room, uniq_duvessa
D:8:      layout_rooms, hex_tiny, grunt_ministairs_9
D:9:      layout_basic, dpeg_lair_monsters, minmay_orc_entry_temple_large,
          minmay_misc_feat_pillars

Skill      XL: |  1  2  3  4  5  6  7  8  9 10 |
---------------+-------------------------------+-----
Transmutations | 3 4 5 7 |  7.1
Unarmed Combat | 4 5 6 |  6.8
Poison Magic   | 2 3 4 |  4.0
Ice Magic      | 5 9 |  9.1
Fighting       | 3 |  3.6
Shields        | 5 6 |  6.3
Dodging        | |  1.7
Spellcasting   | |  2.0

Action                     |  1- 3 |  4- 6 |  7- 9 | 10-12 || total
---------------------------+-------+-------+-------+-------++-------
  Melee: Dagger            |   133 |    89 |    34 |     1 ||   257
         Unarmed           |     5 |    77 |   277 |    16 ||   375
         Tailslap          |    15 |    12 |     3 |       ||    30
         Headbutt          |    18 |     9 |       |       ||    27
         Kick              |    21 |    18 |       |       ||    39
         Punch             |     2 |     1 |     3 |       ||     6
  Throw: Dart              |       |       |     6 |       ||     6
   Cast: Beastly Appendage |    37 |    22 |       |       ||    59
         Spider Form       |       |    16 |    32 |     4 ||    52
         Ice Form          |       |       |    11 |     1 ||    12
 Invoke: Curse Item        |       |     1 |     4 |       ||     5
Ability: Breathe Frost     |       |       |    11 |     1 ||    12
  Evoke: Wand              |       |       |    13 |       ||    13
    Use: Potion            |     1 |       |     1 |     3 ||     5
         Scroll            |     1 |       |     7 |       ||     8
   Stab: Invisible         |       |       |     1 |       ||     1
 Armour: Skin              |    61 |    39 |    90 |     4 ||   194
  Dodge: Dodged            |   122 |   129 |   264 |    11 ||   526
  Block: Kite shield       |       |       |    10 |       ||    10
